 Dungeon Crawl Stone Soup version 0.26.1-11-gd32895ea62 (webtiles) character file.

Game seed: 12159936267186400999

17 seveneves the Firebug (level 2, -1/22 HPs)
             Began as a Demigod Fire Elementalist on July 15, 2021.
             Killed from afar by Natasha (7 damage)
             ... with a magic dart
             ... on level 2 of the Dungeon.
             The game lasted 00:19:33 (1192 turns).

seveneves the Firebug (Demigod Fire Elementalist)   Turns: 1192, Time: 00:19:41

Health: -1/22      AC:  6    Str:  8 (11) XL:     2   Next: 30%
Magic:  7/7        EV: 10    Int: 17 (19) God:
Gold:   35         SH:  0    Dex: 13 (16) Spells: 3/4 levels left

rFire    . . .     SeeInvis .   i - +0 mace
rCold    . . .     Faith    .   (no shield)
rNeg     . . .     Spirit   .   d - +0 ring mail
rPois    .         Reflect  .   g - +0 helmet
rElec    .         Harm     .   (no cloak)
rCorr    .         Rampage  .   (no gloves)
Will     .....                  (no boots)
Stlth    +.........             (no amulet)
HPRegen  0.07/turn              b - ring of fire
MPRegen  0.10/turn              p - ring of ice

@: no status effects
A: high mp 1
a: no special abilities


You were on level 2 of the Dungeon.
You visited 1 branch of the dungeon, and saw 2 of its levels.

You collected 35 gold pieces.

Inventory:

Hand Weapons
 i - a +0 mace (weapon)
 j - a +0 club
 o - a +3 hunting sling
Missiles
 n - 55 bolts
 r - 20 sling bullets
Armour
 a - a +1 robe
 d - a +0 ring mail (worn)
 g - a +0 helmet (worn)
 k - a +0 ring mail
Jewellery
 b - a ring of fire (left hand)
 l - a -4 ring of strength
 p - a ring of ice (right hand)
Wands
 f - a wand of disintegration (16) (quivered)
Scrolls
 e - a scroll of magic mapping
 h - a scroll of random uselessness {unknown}
 m - a scroll of amnesia {unknown}
Potions
 q - a potion of curing


   Skills:
 + Level 0.3 Fighting
 + Level 2.2 Dodging
 + Level 1.8 Stealth
 + Level 0.3 Unarmed Combat
 + Level 1.9 Spellcasting
 + Level 0.8 Conjurations
 + Level 2.8 Fire Magic


You had 3 spell levels left.
You knew the following spells:

 Your Spells              Type           Power        Failure   Level
a - Foxfire               Conj/Fire      44%          28%         1

Your spell library contained the following spells:

 Spells                   Type           Power        Failure   Level
 Conjure Flame            Conj/Fire      11%          63%         3
 Inner Flame              Hex/Fire       9%           71%         3
 Sticky Flame             Conj/Fire      11%          95%         4
 Fireball                 Conj/Fire      5%           100%        5


Dungeon Overview and Level Annotations

Branches:
Dungeon (2/15)

Annotations:
D:2 Natasha


Innate Abilities, Weirdness & Mutations

You have an increased reservoir of magic. (+10% MP)


Message History

Natasha is blasted!
Natasha casts a spell at you. The magic dart hits you.
Natasha casts a spell at you. The magic dart hits you.
You miss Natasha.
Natasha is severely wounded.
Natasha howls an incantation.
Natasha glows brightly for a moment.
Natasha claws you but does no damage.
Natasha stares at you and mumbles some strange words.
The magic dart hits you!
* * * LOW HITPOINT WARNING * * *
Aiming: Disintegrate
Press: ? - help, Q - select action, (/) - cycle Shift-Dir - straight line, f/p - Natasha
Aim: Natasha (severely wounded, chance to affect: 65%) Natasha struggles to resist.
Natasha stares at you and mumbles some strange words.
The magic dart hits you!
You die...

≈≈≈ ... ##.####.#
≈≈≈≈. #.###......#
≈≈
≈.###...##.#####
≈≈≈ .......#.>...#
≈≈≈.##.###.<..##.#
≈≈...............#
≈≈..##...####.####
≈...............
.....#.@....#.###
.......h.#..#..
..##.....#..#.#
####.......#
#########


You could see Natasha.

Vanquished Creatures
  A dart slug (D:1)
  2 bats (D:1)
  2 giant cockroaches
  4 goblins
  2 hobgoblins
  2 frilled lizards (D:1)
13 creatures vanquished.

Vanquished Creatures (others)
  A foxfire (D:1)
1 creature vanquished.

Grand Total: 14 creatures vanquished

Notes
Turn   | Place    | Note
-------+----------+-------------------------------------------
     0 | D:1      | seveneves the Demigod Fire Elementalist began the quest for
                  | the Orb.
     0 | D:1      | Reached XP level 1. HP: 14/14 MP: 5/5
   843 | D:1      | Reached XP level 2. HP: 18/22 MP: 7/7
  1186 | D:2      | Noticed Natasha
  1192 | D:2      | Killed from afar by Natasha

Illustrated notes

Levels and vault maps discovered:
D:1:      nicolae_arrival_somewhat_less_tricky_arrival, layout_basic
D:2:      wander_river, layout_basic, marbit_many_paths, uniq_robin,
          uniq_natasha

Skill      XL: |  1 |
---------------+----+-----
Dodging        | 2 |  2.2
Fighting       | |  0.3
Stealth        | |  1.8
Unarmed Combat | |  0.3
Spellcasting   | |  1.9
Conjurations   | |  0.8
Fire Magic     | |  2.8

Action                   || total
-------------------------++-------
Melee: Unarmed           ||    31
       Club              ||    10
       Mace              ||    22
 Cast: Foxfire           ||     1
Evoke: Wand              ||     2
  Use: Scroll            ||     5
       Potion            ||     5
 Stab: Sleeping          ||     1
Armor: Robe              ||    16
       Ring mail         ||     7
Dodge: Dodged            ||    63
